 Dungeon Crawl Stone Soup version 0.31-a0-731-ga75f04d (webtiles) character file.

Game seed: 9622692974639588140

143186 Rogue the Thaumaturge (level 16, -4/84 HPs)
             Began as a Spriggan Conjurer on Sept 9, 2023.
             Was the Champion of Vehumet.
             Killed from afar by Aizul (20 damage)
             ... with a bolt of poison
             ... on level 2 of the Elven Halls on Sept 11, 2023.
             The game lasted 07:07:27 (41325 turns).

Rogue the Thaumaturge (Spriggan Conjurer)          Turns: 41325, Time: 07:07:29

Health: -4/84      AC: 10    Str:  2    XL:     16   Next: 82%
Magic:  20/44      EV: 20    Int: 42    God:    Vehumet [******]
Gold:   608        SH:  0    Dex: 13    Spells: 1/43 levels left

rFire   . . .        u - +9 dagger (spect)
rCold   . . .        A - orb {guile}
rNeg    . . .        l - +1 steam dragon scales
rPois   .            (helmet restricted)
rElec   .            w - +2 cloak
rCorr   .            (gloves unavailable)
SInv    +            (boots unavailable)
Will    .....        B - amulet of Likakahu {RegenMP Int+5}
Stlth   ++++         C - ring of magical power
HPRegen 0.34/turn    f - +6 ring of intelligence
MPRegen 0.69/turn

%: random rage (3%)
@: lethally poisoned (-4 -> -17), very quick
A: very small, no large weapons, unfitting armour, see invisible, speed 3,
berserk 1, clever 1, wild magic 1
a: Renounce Religion


You were on level 2 of the Elven Halls.
You worshipped Vehumet.
Vehumet was exalted by your worship.
You visited 6 branches of the dungeon, and saw 26 of its levels.
You also visited: Ice Cave and Volcano.

You collected 2753 gold pieces.
You spent 2145 gold pieces at shops.

Inventory:

Hand Weapons
 u - a +9 spectral dagger (weapon)
 z - a +6 dagger of speed
 Z - the +7 falchion of the Gazing Salmon {flame, rF++ Dex+3}
   (You found it on level 5 of the Lair of Beasts)

   Dex+3:     It affects your dexterity (+3).
   rF++:      It greatly protects you from fire.
Missiles
 o - 6 darts of dispersal
 y - 5 atropa-tipped darts
 I - a datura-tipped dart (quivered)
Armour
 h - a +2 robe of cold resistance
 l - +1 steam dragon scales (worn)
 q - +0 acid dragon scales
 r - a +1 robe of positive energy
 w - a +2 cloak (worn)
 x - a +2 robe of fire resistance
 A - an orb of guile (worn)
 N - the +1 robe of Resourcefulness {+Inv rElec Will- Dex+2}
   (You bought it in a shop on level 2 of the Orcish Mines)

   Dex+2:     It affects your dexterity (+2).
   rElec:     It insulates you from electricity.
   Will-:     It decreases your willpower.
   +Inv:      It lets you turn invisible.
Jewellery
 a - a ring of fire
 c - a ring of ice
 d - the amulet "Siytue" {RegenMP Str+4}
   (You acquired it in an ice cave)

   [amulet of magic regeneration]

   RegenMP:   It increases your rate of magic regeneration.
   Str+4:     It affects your strength (+4).
 f - a +6 ring of intelligence (right hand)
 i - a ring of positive energy
 B - the amulet of Likakahu (around neck) {RegenMP Int+5}
   (You bought it in a shop on level 2 of the Orcish Mines)

   [amulet of magic regeneration]

   RegenMP:   It increases your rate of magic regeneration.
   Int+5:     It affects your intelligence (+5).
 C - a ring of magical power (left hand)
 G - a ring of protection from cold
 J - a ring of fire
 M - a +4 ring of slaying
 W - a ring of positive energy
 X - a ring of flight
Talismans
 L - a storm talisman
Wands
 p - a wand of iceblast (2)
 H - a wand of light (13)
 K - a wand of charming (3)
 Q - a wand of flame (5)
 V - a wand of polymorph (5)
Scrolls
 j - 5 scrolls of revelation
 k - 7 scrolls of teleportation
 n - 4 scrolls of fog
 t - 3 scrolls of vulnerability
 v - a scroll of fear
 E - 6 scrolls of identify
 O - 4 scrolls of blinking
 R - a scroll of immolation
 T - a scroll of poison
Potions
 b - 4 potions of magic
 e - 3 potions of heal wounds
 g - 4 potions of might
 m - 3 potions of cancellation
 s - a potion of haste
 D - 2 potions of enlightenment
 P - 2 potions of ambrosia
 S - 7 potions of curing
 U - 2 potions of berserk rage
Miscellaneous
 F - a lightning rod (4/4)


   Skills:
 * Level 9.2 Fighting
 + Level 5.9 Short Blades
 + Level 4.5 Throwing
 * Level 5.1 Armour
 + Level 7.6 Dodging
 + Level 10.2 Stealth
 + Level 14.4 Spellcasting
 * Level 10.8 Conjurations
 + Level 7.6 Hexes
 + Level 6.3 Summonings
 + Level 11.8 Translocations
 + Level 10.6 Transmutations
 + Level 1.5 Ice Magic
 + Level 7.6 Air Magic
 + Level 4.2 Earth Magic
 + Level 10.4 Evocations


You had one spell level left.
You knew the following spells:

 Your Spells              Type           Power      Damage    Failure   Level
a - Orb of Destruction    Conj           51%        9d13      4%          7
b - Dazzling Flash        Conj/Hex       100%       N/A       1%          3
c - Iskenderun's Mystic   Conj/Tloc      100%       2d19      1%          4
d - Irradiate             Conj/Tmut      51%        3d28      1%          5
e - Summon Lightning Spi  Summ/Air       86%        N/A       1%          4
f - Petrify               Tmut/Erth      88%        N/A       1%          4
g - Arcjolt               Conj/Air       48%        1d58      1%          5
h - Freezing Cloud        Conj/Ice/Air   42%        6-21      1%          5
i - Yara's Violent Unrav  Hex/Tmut       48%        3d19      1%          5

Your spell library contained the following spells:

 Spells                   Type           Power      Damage    Failure   Level
 Freeze                   Ice            100%       1d10      1%          1
 Kiss of Death            Conj/Necr      100%       2d13      1%          1
 Magic Dart               Conj           100%       1d8       1%          1
 Shock                    Conj/Air       100%       1d9       1%          1
 Sting                    Tmut/Pois      100%       1d8       1%          1
 Necrotise                Necr           100%       1d9       2%          1
 Cigotuvi's Dreadful Rot  Necr/Pois/Air  100%       N/A       1%          2
 Searing Ray              Conj           100%       2d8       1%          2
 Static Discharge         Conj/Air       100%       2-7/arc   1%          2
 Confusing Touch          Hex            89%        N/A       1%          3
 Frozen Ramparts          Ice            100%       1d16      1%          3
 Hailstorm                Conj/Ice       82%        3d17      1%          3
 Swiftness                Air            89%        N/A       1%          3
 Airstrike                Air            44%        2d(7-23)  1%          4
 Fulminant Prism          Conj/Hex       48%        3d21      1%          4
 Animate Armour           Summ/Erth      100%       N/A       2%          4
 Lee's Rapid Deconstruct  Erth           35%        3d18*     2%          5
 Sublimation of Blood     Necr           39%        N/A       3%          2
 Summon Ice Beast         Ice/Summ       70%        N/A       3%          4
 Olgreb's Toxic Radiance  Pois           39%        N/A       4%          4
 Vampiric Draining        Necr           39%        2d8       5%          3
 Eringya's Noxious Bog    Tmut/Pois      39%        4d6       7%          6
 Dispel Undead            Necr           39%        3d16      14%         4
 Agony                    Necr           39%        N/A       34%         5
 Simulacrum               Ice/Necr       23%        N/A       80%         6


Dungeon Overview and Level Annotations

Branches:
Dungeon (15/15)            Temple (1/1) D:7            Lair (5/5) D:10
 Shoals (0/4) Lair:2       Spider (1/4) Lair:2        Slime (0/5) Lair:5
    Orc (2/2) D:9             Elf (2/3) Orc:2        Vaults (0/5) D:14
 Depths (0/4) D:15          IceCv (visited)         Volcano (visited)

Altars:
Ashenzari
Cheibriados
Dithmenos
Elyvilon
Fedhas
Gozag
Hepliaklqana
Kikubaaqudgha
Makhleb
Nemelex Xobeh
Okawaru
Qazlal
Ru
Sif Muna
Trog
Uskayaw
Vehumet
Wu Jian
Xom
Yredelemnul
Zin
The Shining One
Jiyva
Lugonu

Shops:
D:6 *   D:8 (   D:12 *   D:14 *   Orc:2 (=[*

Portals:
Abyss: Lair:5

Annotations:
D:6 book, 1 exclusion
Elf:2 Aizul


Innate Abilities, Weirdness & Mutations

You are very small and have problems with some larger weapons.
You are too small for most types of armour.
You have supernaturally acute eyesight. (SInv)
You cover ground extremely quickly. (Speed+++)
You sometimes lose your temper in combat.
Your mind is acute. (Int +4, Str/Dex -1)
Your spells are a little harder to cast, but a little more powerful.


Message History

You fall asleep.
Your lightning spire shoots out a bolt of lightning at Aizul!
The bolt of electricity hits Aizul!
Aizul stops moving altogether!
Your lightning spire shoots out a bolt of lightning at Aizul!
The bolt of electricity hits Aizul!!
Your lightning spire shoots out a bolt of lightning at Aizul!
The bolt of electricity hits Aizul!!
Your magical contamination has completely faded away.
Your lightning spire shoots out a bolt of lightning at Aizul!
The bolt of electricity hits Aizul!!
Your lightning spire shoots out a bolt of lightning at Aizul!
The bolt of electricity hits Aizul!!
Your lightning spire shoots out a bolt of lightning at Aizul!
The bolt of electricity hits Aizul!!
You wake up.
Aizul is no longer petrified.
Aizul hits your lightning spire but does no damage.
You see here a +1 heavy trident.
Aizul hits your lightning spire but does no damage.
Your lightning spire shoots out a bolt of lightning at Aizul!
The bolt of electricity hits Aizul!!
You catch the helpless Aizul completely off-guard!
You impale Aizul!!
Aizul is almost dead.
Your +9 spectral dagger misses Aizul.
Aizul hits you but does no damage.
You miss Aizul.
Aizul is almost dead.
Your +9 spectral dagger completely misses Aizul.
Aizul coils herself and waves her upper body at you.
The bolt of poison hits you!
You are poisoned.
* * * LOW HITPOINT WARNING * * *
You feel better.
Your +9 spectral dagger disappears.
Aizul hits you!
* * * LOW HITPOINT WARNING * * *
Aizul casts a spell at you. The bolt of poison hits you!!
You are poisoned.
You die...

##.........#.#####........#
#.###......#......).....#.# ###
.## ##.....#.......#...##.# #..
## ##.........#..##.###.# #.# #
##.#.#.##.#..#......# #.#
#.............##########.#
#.###...)....## #..).#
#########.)).# #)##.#
##..⌠.8)@)..# #.##..
##......S.#### ####.#### ..
##.........# #.......# ..
##.......)).# #.##.#..) ..
##...)......⌠# ####.##.#... .#
#............#####....<...... .#
#.⌠..........#.[.#.#..##..... .##
#...........##......).......)
..###...)......###...#...........


You could see Aizul (ally target) and a friendly lightning spire (summoned).

Vanquished Creatures
  Jorgrun (Elf:1)
  A storm dragon (D:13)
  3 orc warlords (Orc:2)
  A reaper (IceCv)
  A deep elf demonologist (Elf:1)
  Nessos (Lair:4)
  The ghost of Lullik the Earth Mage, a journeyman GrCA of Ignis (D:12)
  The ghost of Qiar the Fighter, a journeyman DsGl of Cheibriados (Lair:4)
  3 fire dragons
  A yaktaur captain (D:12)
  A deep elf high priest (Elf:1)
  An entropy weaver (shapeshifter) (D:15)
  3 hydras
  A catoblepas (D:13)
  A vault guard (D:14)
  An ogre mage (D:13)
  5 centaur warriors
  5 two-headed ogres
  5 death yaks
  15 dancing weapons
  3 tengu warriors
  6 boulder beetles
  2 thrashing horrors (Lair:5)
  A deep troll earth mage (D:15)
  4 orc high priests (Orc:2)
  5 deep elf knights
  3 large abominations (Lair:5)
  3 skeletal warriors (D:12)
  Lodul (D:14)
  3 lindwurms
  3 deep elf archers
  7 orc knights
  20 deep elf pyromancers
  A harpy (shapeshifter) (D:10)
  Pikel (D:5)
  11 ugly things
  11 deep elf zephyrmancers
  3 orc sorcerers (Orc:2)
  2 wolf spiders
  5 cyclopes
  A faun (shapeshifter) (Lair:5)
  2 ice statues (IceCv)
  A guardian serpent (shapeshifter) (D:14)
  5 manticores
  8 elephants
  A smoke demon (Lair:5)
  4 black mambas
  A gargoyle (D:12)
  13 cane toads
  3 unseen horrors
  A freezing wraith (IceCv)
  5 rime drakes
  A tengu conjurer (D:14)
  9 komodo dragons
  7 ice devils (IceCv)
  2 kobold demonologists (D:12)
  A meliai (Spider:1)
  A queen bee (Lair:3)
  A polar bear (Lair:3)
  11 trolls
  A merfolk (Lair:2)
  Grinder (D:6)
  23 blink frogs
  10 small abominations (Lair:5)
  A raiju (Lair:5)
  An air elemental (Elf:1)
  A jumping spider (shapeshifter) (D:10)
  6 slime creatures
  A spriggan (Lair:5)
  5 shadows
  A culicivora (Lair:2)
  6 wraiths
  3 water elementals
  2 ynoxinuls (Lair:5)
  4 vampires
  8 wyverns
  4 steam dragons
  21 yaks
  10 humans (D:14)
  9 basilisks
  5 fire elementals (Volcano)
  6 redbacks
  9 vampire mosquitoes
  8 wargs
  Menkaure (D:4)
  A harpy simulacrum (IceCv)
  Duvessa (D:7)
  4 acid dragons
  8 water moccasins
  49 orc warriors
  4 hell hounds (Volcano)
  2 nameless horrors
  2 sky beasts
  3 ice beasts
  26 ogres
  4 black bears
  12 centaurs
  5 wolves (Lair:3)
  A phantom (D:5)
  A lemure (D:5)
  4 kobold brigands
  2 earth elementals
  A gnoll sergeant (Orc:1)
  A cane toad simulacrum (IceCv)
  8 bullfrogs
  2 scorpions
  2 two-headed ogre simulacra (IceCv)
  3 wights (D:8)
  Dowan (D:7)
  40 killer bees
  7 electric eels
  4 howler monkeys
  3 lava snakes (Lair:5)
  2 hounds
  34 orc priests
  2 jellies (D:7)
  3 iguanas
  2 gnoll boudas
  2 sleepcaps
  18 orc wizards
  Ijyb (D:5)
  A hell rat (Lair:3)
  2 spriggan simulacra (IceCv)
  4 troll simulacra (IceCv)
  2 polar bear simulacra (IceCv)
  2 wolf simulacra (IceCv)
  Robin (D:4)
  11 gnolls
  7 adders
  A naga simulacrum (IceCv)
  2 river rats (Lair:3)
  A shadow imp (D:7)
  An ufetubus (IceCv)
  3 worms
  A dart slug (D:4)
  116 orcs
  3 ball pythons
  7 endoplasms
  3 giant cockroaches
  11 goblins
  8 hobgoblins
  2 jackals (D:1)
  20 kobolds
  4 quokkas
  2 bats (D:1)
  2 rats (D:1)
  A butterfly (Lair:4)
855 creatures vanquished.

Vanquished Creatures (collateral kills)
  A deep elf annihilator (Elf:1)
  A hydra (Lair:3)
  Nergalle (D:10)
  2 deep elf zephyrmancers
  A deep elf pyromancer (Elf:1)
  A cane toad (Lair:4)
  2 smoke demons (Lair:5)
  A gargoyle (D:10)
  A komodo dragon (Lair:2)
  5 blink frogs
  A wyvern (Lair:3)
  11 yaks
  A basilisk (Lair:2)
  Eustachio (D:5)
  A death yak simulacrum (IceCv)
  A vampire mosquito (D:13)
  3 water moccasins
  2 orc warriors
  4 wolves (Lair:2)
  A lemure (D:5)
  A kobold brigand (D:12)
  A wight (D:8)
  2 killer bees (D:9)
  4 orc priests
  An orc wizard (D:10)
  2 gnolls (Orc:1)
  A naga simulacrum (IceCv)
  10 orcs
  2 goblins (D:4)
  A hobgoblin (D:4)
67 creatures vanquished.

Vanquished Creatures (others)
  A vault guard (D:14)
  A deep elf pyromancer (Elf:2)
  6 yaks
  A steam dragon (D:10)
  A lemure (D:5)
  A wight (D:8)
  2 killer bees (D:9)
  An elephant simulacrum (IceCv)
  A naga simulacrum (IceCv)
  An orc (D:4)
  A goblin (D:4)
  A hobgoblin (D:4)
18 creatures vanquished.

Grand Total: 940 creatures vanquished

Notes
Turn   | Place    | Note
-------+----------+-------------------------------------------
     0 | D:1      | Rogue the Spriggan Conjurer began the quest for the Orb.
     0 | D:1      | Reached XP level 1. HP: 9/9 MP: 5/5
   371 | D:1      | Reached XP level 2. HP: 13/13 MP: 4/6
  1270 | D:2      | Found a hide-covered altar of Uskayaw.
  1280 | D:2      | Reached XP level 3. HP: 16/16 MP: 2/8
  1284 | D:2      | Learned a level 3 spell: Dazzling Flash
  1570 | D:2      | Reached skill level 3 in Spellcasting
  1875 | D:2      | Reached XP level 4. HP: 21/21 MP: 3/9
  2531 | D:3      | Learned a level 4 spell: Iskenderun's Mystic Blast
  2640 | D:3      | Noticed a water moccasin
  2894 | D:4      | Noticed Menkaure
  3002 | D:4      | Noticed Robin
  3364 | D:3      | Reached skill level 1 in Hexes
  3439 | D:3      | Killed a water moccasin
  3440 | D:3      | Reached skill level 1 in Translocations
  3440 | D:3      | Reached XP level 5. HP: 22/24 MP: 3/11
  4022 | D:4      | Reached XP level 6. HP: 28/28 MP: 8/12
  4127 | D:4      | Killed Robin
  4355 | D:4      | Reached skill level 1 in Short Blades
  4730 | D:5      | Entered Level 5 of the Dungeon
  4952 | D:5      | Noticed Eustachio
  4966 | D:5      | Killed Eustachio
  4967 | D:5      | Reached skill level 4 in Spellcasting
  4967 | D:5      | Reached skill level 5 in Conjurations
  4967 | D:5      | Reached XP level 7. HP: 32/32 MP: 7/14
  5217 | D:5      | Noticed Ijyb
  5270 | D:5      | Noticed Pikel
  5695 | D:5      | Noticed a two-headed ogre
  5874 | D:6      | Found Eloafy's General Store.
  5882 | D:6      | Bought a scroll of teleportation for 45 gold pieces
  5882 | D:6      | Bought a scroll of amnesia for 60 gold pieces
  5882 | D:6      | Bought a +0 cloak for 67 gold pieces
  6047 | D:6      | Noticed Grinder
  6191 | D:6      | Reached skill level 1 in Evocations
  6377 | D:6      | Reached XP level 8. HP: 37/37 MP: 7/16
  6636 | D:6      | Killed Grinder
  6637 | D:6      | Reached skill level 5 in Spellcasting
  6960 | D:6      | Reached skill level 5 in Translocations
  7317 | D:5      | Reached skill level 1 in Fighting
  7550 | D:5      | Killed a two-headed ogre
  7551 | D:5      | Reached skill level 1 in Throwing
  7551 | D:5      | Reached skill level 5 in Hexes
  7551 | D:5      | Reached XP level 9. HP: 29/41 MP: 2/18
  7731 | D:5      | Reached skill level 6 in Spellcasting
  7859 | D:5      | Killed Pikel
  8081 | D:5      | Killed Ijyb
  9009 | D:7      | Noticed Dowan
  9039 | D:7      | Noticed Duvessa
  9146 | D:7      | Found a sparkling altar of Nemelex Xobeh.
  9376 | D:7      | Found a staircase to the Ecumenical Temple.
  9383 | Temple   | Entered the Ecumenical Temple
  9397 | Temple   | Became a worshipper of Vehumet
  9418 | D:7      | Killed Dowan
  9591 | D:7      | Killed Duvessa
  9835 | D:7      | Reached skill level 7 in Spellcasting
 10432 | D:4      | Killed Menkaure
 10433 | D:4      | Reached XP level 10. HP: 24/46 MP: 21/21
 11203 | D:8      | Found a glowing silver altar of Zin.
 11383 | D:8      | Reached * piety under Vehumet
 11383 | D:8      | Offered knowledge of Sandblast by Vehumet.
 11387 | D:8      | Reached skill level 8 in Spellcasting
 11607 | D:8      | Found a hide-covered altar of Uskayaw.
 11713 | D:8      | Learned a level 5 spell: Irradiate
 12094 | D:8      | Found Temasch's Antique Weapon Shoppe.
 12294 | D:9      | Reached skill level 5 in Stealth
 12497 | D:9      | Noticed a two-headed ogre
 12507 | D:9      | Killed a two-headed ogre
 12508 | D:9      | Reached skill level 1 in Transmutations
 13077 | D:9      | Found a blossoming altar of Fedhas.
 13293 | D:9      | Reached ** piety under Vehumet
 13293 | D:9      | Offered knowledge of Momentum Strike by Vehumet.
 13318 | D:9      | Found a staircase to the Orcish Mines.
 13694 | D:9      | Reached skill level 5 in Dodging
 14146 | D:10     | Entered Level 10 of the Dungeon
 14237 | D:10     | Reached XP level 11. HP: 27/53 MP: 10/24
 14247 | D:10     | Found a runed translucent door.
 14249 | D:10     | Noticed a two-headed ogre
 14485 | D:10     | Found a runed translucent door.
 14485 | D:10     | Noticed Nergalle
 14531 | D:10     | Reached skill level 1 in Armour
 14703 | D:10     | Found a staircase to the Lair.
 14716 | D:10     | Noticed a death yak
 14844 | D:10     | Found a shimmering blue altar of Sif Muna.
 14846 | D:10     | Found a snail-covered altar of Cheibriados.
 15158 | D:10     | Found a hazy altar of Hepliaklqana.
 15743 | D:10     | Killed a death yak
 15744 | D:10     | Reached skill level 9 in Spellcasting
 16084 | D:10     | Offered knowledge of Inner Flame by Vehumet.
 16425 | D:10     | Killed a two-headed ogre
 16426 | D:10     | Reached skill level 5 in Transmutations
 16483 | D:10     | Noticed a harpy
 16520 | D:10     | Killed a harpy
 16859 | D:10     | Noticed a wolf spider
 16874 | D:10     | Killed a wolf spider
 16875 | D:10     | Reached skill level 10 in Translocations
 17129 | D:10     | Killed Nergalle
 17129 | D:10     | Reached *** piety under Vehumet
 17166 | D:10     | Learned a level 4 spell: Summon Lightning Spire
 17323 | Lair:1   | Entered Level 1 of the Lair of Beasts
 17439 | Lair:1   | Reached skill level 5 in Fighting
 17439 | Lair:1   | Reached XP level 12. HP: 60/60 MP: 26/26
 17554 | Lair:1   | Offered knowledge of Ignite Poison by Vehumet.
 17874 | Lair:1   | Reached skill level 1 in Summonings
 17938 | Lair:1   | Reached skill level 5 in Evocations
 18528 | Lair:1   | You fall into a shaft and drop 1 floor!
 18563 | Lair:2   | Noticed a four-headed hydra
 18582 | Lair:2   | Found a frozen archway.
 18626 | IceCv    | Entered an ice cave
 18790 | IceCv    | Reached **** piety under Vehumet
 18793 | IceCv    | Identified a scroll of acquirement
 18793 | IceCv    | Acquired the amulet "Siytue" {RegenMP Str+4}
 19088 | IceCv    | HP: 3/60 [something (5)]
 19096 | IceCv    | Gained mutation: You occasionally lose the ability to drink
                  | potions when taking damage. [mutagenic glow]
 19283 | IceCv    | Lost mutation: You occasionally lose the ability to drink
                  | potions when taking damage. [potion of mutation]
 19283 | IceCv    | Gained mutation: Armour fits poorly on your strangely
                  | shaped body. [potion of mutation]
 19283 | IceCv    | Gained mutation: Your muscles are strong. (Str +4, Int/Dex
                  | -1) [potion of mutation]
 19323 | IceCv    | Reached skill level 1 in Air Magic
 19350 | IceCv    | Offered knowledge of Sticky Flame by Vehumet.
 19413 | IceCv    | Noticed a reaper
 20091 | IceCv    | Killed a reaper
 20152 | IceCv    | Got the Octavo of Heresy
 20304 | Lair:2   | Killed a four-headed hydra
 20578 | Lair:2   | Reached XP level 13. HP: 57/64 MP: 7/27
 21030 | Lair:2   | Found a hole to the Spider Nest.
 21303 | Lair:2   | Found a staircase to the Shoals.
 21535 | Lair:3   | Learned a level 4 spell: Petrify
 21753 | Lair:3   | Reached ***** piety under Vehumet
 22082 | Lair:3   | Offered knowledge of Arcjolt by Vehumet.
 22355 | Lair:3   | Learned a level 5 spell: Arcjolt
 22640 | Lair:3   | Reached skill level 1 in Earth Magic
 22787 | Lair:3   | Reached skill level 5 in Summonings
 23161 | Lair:4   | Found a dark tunnel.
 23192 | Volcano  | Entered a volcano
 23394 | Volcano  | Reached skill level 5 in Air Magic
 23601 | Lair:4   | Reached skill level 10 in Spellcasting
 23774 | Lair:4   | Found a runed translucent door.
 23775 | Lair:4   | Noticed Qiar's ghost (journeyman DsGl)
 23832 | Lair:4   | Offered knowledge of Flame Wave by Vehumet.
 23833 | Lair:4   | Reached XP level 14. HP: 42/70 MP: 29/29
 24001 | Lair:4   | Noticed Nessos
 24016 | Lair:4   | Killed Nessos
 24352 | Lair:4   | Lost mutation: Your muscles are strong. (Str +4, Int/Dex
                  | -1) [potion of mutation]
 24352 | Lair:4   | Lost mutation: Armour fits poorly on your strangely shaped
                  | body. [potion of mutation]
 24352 | Lair:4   | Gained mutation: Your spells are a little harder to cast,
                  | but a little more powerful. [potion of mutation]
 24352 | Lair:4   | Gained mutation: You sometimes lose your temper in combat.
                  | [potion of mutation]
 24352 | Lair:4   | Gained mutation: Your mind is acute. (Int +4, Str/Dex -1)
                  | [potion of mutation]
 24685 | Lair:4   | Killed Qiar's ghost
 24756 | Lair:5   | Entered Level 5 of the Lair of Beasts
 25569 | Lair:5   | Reached skill level 11 in Spellcasting
 26062 | Lair:5   | Found a staircase to the Slime Pits.
 26063 | Lair:5   | Found a viscous altar of Jiyva.
 26358 | Lair:5   | Reached skill level 5 in Short Blades
 26619 | Lair:5   | Identified the +7 falchion of the Gazing Salmon {flame,
                  | rF++ Dex+3}
 26952 | Lair:5   | Found a corrupted altar of Lugonu.
 26952 | Lair:5   | Found a one-way gate to the infinite horrors of the Abyss.
 27293 | Orc:1    | Entered Level 1 of the Orcish Mines
 27417 | Orc:2    | Entered Level 2 of the Orcish Mines
 27422 | Orc:2    | Offered knowledge of Ozocubu's Refrigeration by Vehumet.
 27912 | Orc:2    | Noticed an orc warlord
 27943 | Orc:2    | Killed an orc warlord
 28369 | Orc:2    | Found a staircase to the Elven Halls.
 28519 | Orc:2    | Noticed an orc warlord
 28537 | Orc:2    | Killed an orc warlord
 28634 | Orc:2    | Offered knowledge of Leda's Unmaking by Vehumet.
 28762 | Orc:2    | Found Sanupsec's Antique Armour Boutique.
 28847 | Orc:2    | Found Kaacod's Assorted Antiques.
 28905 | Orc:2    | Bought a scroll labelled ONUCUB ECLOS for 31 gold pieces
 28905 | Orc:2    | Bought a scroll of identify for 62 gold pieces
 28905 | Orc:2    | Bought a slimy robe for 176 gold pieces
 28905 | Orc:2    | Identified the +1 robe of Resourcefulness {+Inv rElec Will-
                  | Dex+2} (You bought it in a shop on level 2 of the Orcish
                  | Mines)
 29243 | Orc:1    | Reached XP level 15. HP: 51/75 MP: 14/31
 30302 | Orc:2    | Found Mizinuse's Weapon Shoppe.
 30483 | Orc:2    | Reached ****** piety under Vehumet
 30495 | Orc:2    | Offered knowledge of Freezing Cloud by Vehumet.
 30661 | Orc:2    | Learned a level 5 spell: Freezing Cloud
 30790 | Orc:2    | Found Dokoapte's Jewellery Emporium.
 30828 | Orc:2    | Bought the amulet of Likakahu {RegenMP Int+5} for 712 gold
                  | pieces
 30867 | Orc:2    | Reached skill level 12 in Spellcasting
 30950 | Orc:2    | Bought a +6 ring of intelligence for 540 gold pieces
 31006 | Orc:2    | Bought an embroidered scarf for 192 gold pieces
 31423 | D:11     | Reached skill level 10 in Transmutations
 31954 | D:11     | Found a radiant altar of Vehumet.
 31983 | D:12     | Found Gebeth's Assorted Antiques.
 32244 | D:12     | Bought a potion of heal wounds for 160 gold pieces
 32244 | D:12     | Bought a scroll of identify for 64 gold pieces
 32498 | D:12     | Noticed Lullik's ghost (journeyman GrCA)
 32500 | D:12     | Found a transporter.
 32508 | D:12     | Found a transporter.
 32634 | D:12     | Offered knowledge of Yara's Violent Unravelling by Vehumet.
 32752 | D:12     | Learned a level 5 spell: Yara's Violent Unravelling
 33138 | D:13     | Reached skill level 10 in Evocations
 34085 | D:14     | Noticed Lodul
 34102 | D:14     | Killed Lodul
 34291 | D:14     | Reached skill level 10 in Conjurations
 34563 | D:14     | Found Kuet's General Store.
 34570 | D:14     | Bought a scroll of identify for 36 gold pieces
 34815 | D:13     | Noticed a storm dragon
 35506 | D:14     | Found a gate to the Vaults.
 35509 | D:14     | Identified the +1 plate armour of Experimentation {rC+
                  | rCorr}
 35750 | D:15     | Entered Level 15 of the Dungeon
 35775 | D:15     | Reached skill level 13 in Spellcasting
 36165 | D:15     | Reached skill level 1 in Ice Magic
 36316 | D:15     | Found a staircase to the Depths.
 36488 | D:15     | Reached XP level 16. HP: 82/82 MP: 34/34
 36937 | D:15     | Found an iron altar of Okawaru.
 37076 | D:12     | Lost strength.
 37217 | D:12     | Offered knowledge of Orb of Destruction by Vehumet.
 37228 | D:12     | Killed Lullik's ghost
 37443 | D:13     | Killed a storm dragon
 37693 | Spider:1 | Entered Level 1 of the Spider Nest
 37795 | Lair:2   | Upgraded the game from 0.31-a0-716-gc760375 to
                  | 0.31-a0-731-ga75f04d
 38206 | Elf:1    | Entered Level 1 of the Elven Halls
 38254 | Elf:1    | Reached skill level 10 in Stealth
 38596 | Elf:1    | Paralysed by an air elemental for 1 turns
 38969 | Elf:1    | Noticed Jorgrun
 38993 | Elf:1    | Killed Jorgrun
 39421 | D:10     | Learned a level 7 spell: Orb of Destruction
 40076 | Elf:2    | Reached skill level 14 in Spellcasting
 40293 | Elf:2    | Found a runed translucent gate.
 40294 | Elf:2    | Found a runed translucent gate.
 40294 | Elf:2    | Found a runed translucent gate.
 40951 | Elf:2    | Reached skill level 5 in Armour
 41288 | Elf:2    | Noticed Aizul
 41325 | Elf:2    | Killed from afar by Aizul

Illustrated notes

Levels and vault maps discovered:
D:1:      heliophobic_arrival_enchanted_forest, layout_basic,
          minmay_misc_feat_rows
D:2:      layout_rooms, basic_altar
D:3:      minmay_general_purpose_star, layout_basic, st_stairs_2
D:4:      layout_loops_ring, grunt_ministairs_11, minmay_puff, uniq_menkaure,
          uniq_robin
D:5:      layout_layer_cave, uniq_eustachio, uniq_ijyb, uniq_pikel
D:6:      layout_basic, serial_shops,
          nicolae_shop_temple_entry_statues_fountains, minmay_door_square,
          nrook_loot_triangle, dreamdust_mushroom_princess,
          minmay_misc_feat_doors, item_on_display_a, uniq_grinder
D:7:      layout_basic, mainiacjoe_overflow_boulevard,
          minmay_temple_entry_crystal_x, st_stairs_12, uniq_duvessa
D:8:      layout_loops_corners, mainiacjoe_overflow_alcove_4,
          mainiacjoe_overflow_small_starburst, serial_glass, glass_columns_c,
          glass_columns_b, serial_shops, nicolae_shop_real_fake_doors
D:9:      layout_loops_corners, nicolae_overflow_hidden_temple, david_orc_5,
          feat_on_display
D:10:     cheibrodos_histonic, layout_irregular_city,
          nzn_hepliaklqana_mist_gate, jmf_multi_god_temple, david_lair_generic,
          uniq_nergalle
D:11:     layout_loops_cross, serial_glass, glass_columns_a, glass_columns_a,
          glass_columns_c, glass_columns_a, glass_columns_c, glass_columns_a,
          glass_columns_a, glass_columns_c, vehumet_crystals
D:12:     layout_rooms, gammafunk_ghost_arena, serial_shops,
          nicolae_shop_getting_attention
D:13:     minmay_diamond_stairs, layout_gridville
D:14:     layout_small_grid, ximxim_vaults_locker_room, serial_shops, shop,
          chequers_serial_rivers_micro_e, uniq_lodul
D:15:     hellmonk_depths_entry_around_the_bend, layout_basic,
          nicolae_figureground_pulse, kennysheep_okawaru_gauntlet
Temple:   nicolae_temple_bog_church
Lair:1:   layout_chaotic_city, minmay_holes, grunt_megastairs_1
Lair:2:   layout_loops_ring, elwin_shoals_entry_rooms,
          spider_nest_entry_funnel_web, portal_ice_cave_rime
Lair:3:   regret_index_wax_grids, layout_chaotic_city
Lair:4:   layout_long_grid, nicolae_volcano_entry_vermiform,
          gammafunk_ghost_grave, lemuel_fruit_fields, infiniplex_staircase_pool,
          uniq_nessos
Lair:5:   hellmonk_lair_end_abyssal_woods, layout_small_grid, slime_entry_1,
          nicolae_lair_liquid_snakes
Spider:1: layout_chambers, special_room [special_room_bee],
          nicolae_spider_jagged_tunnels, hangedman_spider_tarantella_strand
Orc:1:    layout_caves
Orc:2:    pubby_orc_utopia, serial_shops
Elf:1:    layout_gridlike, hangedman_elf_represent, uniq_jorgrun
Elf:2:    nicolae_elf_blades_crystal_corner, layout_loops_cross, uniq_aizul

Skill      XL: |  1  2  3  4  5  6  7  8  9 10 11 12 13 14 15 16 |
---------------+-------------------------------------------------+-----
Conjurations   | 3 4 5 6 7 8 9 10 | 10.8
Spellcasting   | 3 4 5 7 8 9 10 11 13 14 | 14.4
Hexes          | 1 2 3 5 6 7 |  7.6
Dodging        | 3 4 5 6 7 |  7.6
Translocations | 1 2 4 5 6 8 10 11 | 11.8
Short Blades   | 1 3 4 5 |  5.9
Stealth        | 4 5 6 8 9 10 | 10.2
Evocations     | 1 2 3 4 6 7 9 10 | 10.4
Fighting       | 1 2 3 5 6 7 8 9 |  9.2
Throwing       | 1 3 4 |  4.5
Transmutations | 3 6 8 9 10 | 10.6
Armour         | 2 4 5 |  5.1
Summonings     | 3 5 6 |  6.3
Air Magic      | 3 5 6 7 |  7.6
Earth Magic    | 1 2 3 4 |  4.2
Ice Magic      | 1 |  1.5

Action                     |  1- 3 |  4- 6 |  7- 9 | 10-12 | 13-15 | 16-18 || total
---------------------------+-------+-------+-------+-------+-------+-------++-------
  Melee: Short sword       |     4 |    35 |   111 |    74 |       |       ||   224
         Punch             |       |     1 |     3 |     4 |       |       ||     8
         Dagger            |       |       |       |    97 |   464 |    54 ||   615
  Throw: Dart              |       |       |    42 |    61 |     4 |       ||   107
   Cast: Magic Dart        |    70 |   134 |   161 |   358 |   397 |    20 ||  1140
         Dazzling Flash    |       |     7 |    38 |    76 |    55 |    10 ||   186
         Iskenderun's Myst |       |       |    23 |   197 |   213 |    39 ||   472
         Irradiate         |       |       |       |    25 |    18 |     3 ||    46
         Summon Lightning  |       |       |       |     9 |    37 |     9 ||    55
         Petrify           |       |       |       |       |   164 |    19 ||   183
         Arcjolt           |       |       |       |       |    82 |     4 ||    86
         Freezing Cloud    |       |       |       |       |    26 |    31 ||    57
         Orb of Destructio |       |       |       |       |       |    27 ||    27
         Yara's Violent Un |       |       |       |       |       |    10 ||    10
  Evoke: Wand              |       |     4 |    28 |    43 |    21 |    13 ||   109
         Lightning rod     |       |       |       |       |       |     3 ||     3
    Use: Potion            |       |       |     4 |     5 |     3 |     8 ||    20
         Scroll            |       |       |     7 |     8 |    15 |     4 ||    34
   Stab: Invisible         |       |     2 |    19 |    31 |     7 |     1 ||    60
         Sleeping          |       |     1 |     1 |     4 |    29 |     2 ||    37
         Petrified         |       |       |       |       |   199 |    19 ||   218
         Petrifying        |       |       |       |       |    46 |     1 ||    47
         Distracted        |       |       |       |       |       |     1 ||     1
 Armour: Robe              |     1 |    24 |    57 |       |    13 |     1 ||    96
         Steam dragon scal |       |       |       |    77 |   167 |    45 ||   289
         Troll leather arm |       |       |       |    32 |       |       ||    32
  Dodge: Dodged            |     2 |    47 |   139 |   191 |   283 |    29 ||   691

Table legend: (Time is in decaauts)
 A = Elapsed time spent in this place.
 B = Non-inter-level travel time spent in this place.
 C = Inter-level travel time spent in this place.
 D = Time resting spent in this place.
 E = Time spent auto-exploring this place.
 F = Levels seen in this place.
 G = Mean time per level.
                   A        B        C        D        E       F      G
               +--------+--------+--------+--------+--------+-----+--------+
         Total |  32327 |  30425 |   1902 |   3125 |  18373 |  28 | 1154.5 |
       Dungeon |  18843 |  17735 |   1108 |    920 |  12612 |  15 | 1256.2 |
        Temple |     18 |      3 |     15 |      0 |      0 |   1 |   18.0 |
          Lair |   6650 |   6355 |    295 |    555 |   3902 |   5 | 1330.0 |
   Spider Nest |     23 |     23 |      0 |      0 |      0 |   1 |   23.0 |
  Orcish Mines |   2961 |   2598 |    363 |    662 |    465 |   2 | 1480.5 |
   Elven Halls |   2198 |   2080 |    118 |    220 |   1249 |   2 | 1099.0 |
      Ice Cave |   1326 |   1326 |      0 |    605 |    143 |   1 | 1326.0 |
       Volcano |    305 |    305 |      0 |    161 |      0 |   1 |  305.0 |
               +--------+--------+--------+--------+--------+-----+--------+

Top non-repeatable levels by time:
    D:10: 2842 daAuts
   Orc:2: 2504 daAuts
     D:5: 1835 daAuts
  Lair:5: 1801 daAuts
     D:9: 1681 daAuts
    D:14: 1467 daAuts
  Lair:2: 1450 daAuts
     D:7: 1350 daAuts
   IceCv: 1326 daAuts
     D:8: 1324 daAuts
     D:4: 1300 daAuts
  Lair:3: 1240 daAuts
   Elf:1: 1184 daAuts
     D:6: 1105 daAuts
  Lair:1: 1101 daAuts
